cohdb
Replays
Latest Replays
All Replays
Popular Replays
Top Player Replays
Match Explorer
How It Works
Community
CoH3 Stats
Reddit
Sign in to upload your games and track your stats! →
Sign in with Steam
Match 39928945
Unlisted
Match 39928945
Overview
Messages
Build Orders
End
Kradschützen Motorcycle Team
Kradschützen Motorcycle Team
Selects Panzerjäger Kommand Battlegroup
Panzergrenadier Squad
Construct Light Support Kompanie
Assault Grenadier Squad
Fire Support Elements
Assault Grenadier Squad
Flakvierling Half-track
Selects Blockade Equipment
Selects Defensive Positions
Vehicle Survival Package
Construct Panzerarmee Kommand
Veteran Squad Leaders
Selects Butterfly Bomb Drop
Armored Reserves
Selects Tank Busters
Selects Crew Shock Tactics
Butterfly Bomb Drop
Panzerjäger Squad
Panzerjäger Squad
Tiger Heavy Tank
|Fury| Ry
Nuclear Viking
CPU -- Easy
Köfte
晴天小怪兽
天王盖地虎
GiggityGiggity
王二崔一
0
0
Comments
sign in to comment!
No comments posted yet!